[Event "Wuerttemberg Rapid Teams 2024"]
[Site "B?blingen, Germany"]
[Date "2024.04.13"]
[Round "1.2"]
[White "Deuer, Marius"]
[Black "Foksha, Alexander"]
[Result "1-0"]
[ECO "E01"]
[WhiteElo "2439"]
[BlackElo "1924"]
[Annotator "RC"]
[PlyCount "73"]
[EventDate "2024.04.13"]
[EventType "team-tourn"]
[SourceTitle "playchess.com"]
[Source "ChessBase"]
[SourceQuality "1"]
[TimeControl "900+5"]

1. d4 d5 2. c4 c6 3. Nf3 Nf6 4. Qc2 e6 5. g3 Bd6 6. Bg2 Nbd7 7. O-O O-O 8. Nbd2 b6 9. e4 dxe4 10. Nxe4 Nxe4 11. Qxe4 Bb7 12. Ne5 Nxe5 13. dxe5 Be7 14. Be3 Qc7 15. Rac1 Rad8 16. h4 Rd7 17. c5 bxc5 18. Bxc5 Bxc5 19. Rxc5 Rd5 20. Rfc1 Rfd8 21. Qe3 Rd3 22. Qe1 Qb6 23. b3 Rd2 24. Bxc6 Bxc6 25. Rxc6 Qb8 26. Qxd2 Rxd2 27. Rc8+ Rd8 28. Rxb8 Rxb8 29. Rc7 Ra8 30. b4 g6 31. b5 Kg7 32. a4 h5 33. Kg2 Kf8 34. Kf3 Ke8 35. Kf4 a6 36. b6 Rb8 37. b7 1-0

[Event "Wuerttemberg Rapid Teams 2024"]
[Site "B?blingen, Germany"]
[Date "2024.04.13"]
[Round "1.3"]
[White "Hadziselimovic, Adnan"]
[Black "Kocharin, Timur"]
[Result "0-1"]
[ECO "A34"]
[WhiteElo "2053"]
[BlackElo "2250"]
[Annotator "RC"]
[PlyCount "86"]
[EventDate "2024.04.13"]
[EventType "team-tourn"]
[SourceTitle "playchess.com"]
[Source "ChessBase"]
[SourceQuality "1"]
[TimeControl "900+5"]

1. c4 c5 2. g3 Nf6 3. Bg2 d5 4. cxd5 Nxd5 5. Nc3 Nc7 6. Nf3 Nc6 7. O-O e5 8. d3 Be7 9. Be3 O-O 10. Rc1 Ne6 11. Qc2 Bd7 12. Ne4 b6 13. Ned2 Rc8 14. Nc4 f6 15. Rfd1 Kh8 16. Kf1 Ned4 17. Bxd4 exd4 18. Nfd2 Be6 19. Re1 b5 20. Na3 Nb4 21. Qd1 Qd7 22. Ne4 f5 23. Nd2 Nxa2 24. Ra1 Nb4 25. Nc2 Nd5 26. Nf3 Bf6 27. Qc1 Nb6 28. e3 dxe3 29. Qxe3 Bb3 30. Na3 Bxb2 31. Rab1 Bxa3 32. Rxb3 Rce8 33. Qd2 Bb4 34. Rxb4 cxb4 35. Qxb4 Qxd3+ 36. Kg1 Qc4 37. Qd6 Rxe1+ 38. Nxe1 Re8 39. Bf1 Qe6 40. Qxe6 Rxe6 41. Nd3 a5 42. Nf4 Re1 43. Kg2 b4 0-1

[Event "Wuerttemberg Rapid Teams 2024"]
[Site "B?blingen, Germany"]
[Date "2024.04.13"]
[Round "1.4"]
[White "Junesch, Gerhard"]
[Black "Valchev, Martin V"]
[Result "1-0"]
[ECO "E94"]
[WhiteElo "2267"]
[BlackElo "1529"]
[Annotator "RC"]
[PlyCount "57"]
[EventDate "2024.04.13"]
[EventType "team-tourn"]
[SourceTitle "playchess.com"]
[Source "ChessBase"]
[SourceQuality "1"]
[TimeControl "900+5"]

1. d4 Nf6 2. c4 g6 3. Nc3 Bg7 4. e4 d6 5. Nf3 O-O 6. Be2 e5 7. Be3 Nbd7 8. O-O Re8 9. d5 b6 10. Nd2 a5 11. a3 Bb7 12. b4 axb4 13. axb4 Re7 14. Qc2 h6 15. Nb3 c6 16. Rxa8 Qxa8 17. Ra1 Qb8 18. Qa2 Ne8 19. Qa7 c5 20. Qxb8 Nxb8 21. Ra7 Kf8 22. Na4 cxb4 23. Nxb6 f5 24. f3 f4 25. Bf2 g5 26. c5 Rc7 27. Na5 dxc5 28. Rxb7 Rxb7 29. Nxb7 1-0

[Event "Wuerttemberg Rapid Teams 2024"]
[Site "B?blingen, Germany"]
[Date "2024.04.13"]
[Round "1.5"]
[White "Kabisch, Thilo"]
[Black "Seitz, Patrick"]
[Result "1-0"]
[ECO "C97"]
[WhiteElo "2228"]
[BlackElo "2125"]
[Annotator "RC"]
[PlyCount "87"]
[EventDate "2024.04.13"]
[EventType "team-tourn"]
[SourceTitle "playchess.com"]
[Source "ChessBase"]
[SourceQuality "1"]
[TimeControl "900+5"]

1. e4 e5 2. Nf3 Nc6 3. Bb5 a6 4. Ba4 Nf6 5. O-O Be7 6. Re1 b5 7. Bb3 O-O 8. h3 d6 9. c3 Na5 10. Bc2 c5 11. d4 Qc7 12. d5 c4 13. Nbd2 Nb7 14. Nf1 Nc5 15. Ng3 Bd7 16. Nh2 a5 17. f4 exf4 18. Bxf4 Ne8 19. Nf3 b4 20. Nd4 g6 21. Bh6 Ng7 22. Rf1 f6 23. Qe2 Nb7 24. Rf3 Rf7 25. Raf1 Re8 26. Qd2 bxc3 27. Qxc3 Qc5 28. Kh2 Rb8 29. Be3 Qc7 30. Nge2 Nc5 31. Bc1 Na6 32. Nf4 Nb4 33. Bb1 f5 34. Nfe6 Bxe6 35. Nxe6 Qb7 36. Nxg7 Rxg7 37. exf5 Nxd5 38. Qxc4 Rc8 39. Qe4 gxf5 40. Qe6+ Kh8 41. Bxf5 Rf8 42. Be4 Rxf3 43. Rxf3 Nc7 44. Qxe7 1-0

[Event "Wuerttemberg Rapid Teams 2024"]
[Site "B?blingen, Germany"]
[Date "2024.04.13"]
[Round "1.6"]
[White "Narr, Kevin"]
[Black "Trachtmann, Mark"]
[Result "1-0"]
[ECO "A05"]
[WhiteElo "1977"]
[BlackElo "2203"]
[Annotator "RC"]
[PlyCount "100"]
[EventDate "2024.04.13"]
[EventType "team-tourn"]
[SourceTitle "playchess.com"]
[Source "ChessBase"]
[SourceQuality "1"]
[TimeControl "900+5"]

1. Nf3 Nf6 2. g3 g6 3. b3 Bg7 4. Bb2 d5 5. Bg2 c5 6. c4 d4 7. b4 O-O 8. O-O Nc6 9. bxc5 e5 10. d3 Re8 11. Nbd2 Bf8 12. Nb3 Nd7 13. Ba3 a5 14. Rb1 a4 15. Na1 Nxc5 16. Nc2 Qc7 17. Nb4 Nxb4 18. Bxb4 Bd7 19. Ng5 Bc6 20. Bxc5 Bxc5 21. Bxc6 bxc6 22. Qc2 f5 23. Rb2 h6 24. Nf3 e4 25. Nh4 Qf7 26. Rfb1 Ra7 27. Rb8 Kh7 28. Qb2 Rae7 29. Rb7 g5 30. Ng2 Qg6 31. Qc2 a3 32. Kf1 Kh8 33. Rxe7 Rxe7 34. Qa4 exd3 35. exd3 f4 36. Qd1 Qf5 37. Qf3 g4 38. Qd1 f3 39. Nh4 Qe6 40. Qc1 Kh7 41. Qe1 Qf6 42. Qa5 Qe5 43. Re1 Qd6 44. Rxe7+ Qxe7 45. Qe1 Qxe1+ 46. Kxe1 Kg7 47. Kd1 Kf6 48. Kc2 Be7 49. Kb3 Bc5 50. Ka4 Ke6 1-0

[Event "Wuerttemberg Rapid Teams 2024"]
[Site "B?blingen, Germany"]
[Date "2024.04.13"]
[Round "1.7"]
[White "Krockenberger, Martin"]
[Black "Sulzbacher, Kurt"]
[Result "1-0"]
[ECO "D36"]
[WhiteElo "2125"]
[BlackElo "1976"]
[Annotator "RC"]
[PlyCount "63"]
[EventDate "2024.04.13"]
[EventType "team-tourn"]
[SourceTitle "playchess.com"]
[Source "ChessBase"]
[SourceQuality "1"]
[TimeControl "900+5"]

1. d4 d5 2. c4 e6 3. Nc3 Nf6 4. cxd5 exd5 5. Bg5 Be7 6. e3 O-O 7. Bd3 c6 8. Nge2 Nbd7 9. O-O Re8 10. Qc2 Nf8 11. f3 c5 12. dxc5 Bxc5 13. Nd4 Be6 14. Rad1 Rc8 15. Kh1 a6 16. Qb1 h6 17. Bh4 Ba7 18. Bc2 Qc7 19. Bxf6 gxf6 20. Bb3 Rcd8 21. Qd3 Qe5 22. f4 Qh5 23. f5 Bb8 24. g3 Bc8 25. Nxd5 Nh7 26. Qe2 Qg5 27. e4 b5 28. Nc6 Bb7 29. Nxd8 Rxd8 30. Ne7+ Kf8 31. Rxd8+ Kxe7 32. Rxb8 1-0

[Event "Wuerttemberg Rapid Teams 2024"]
[Site "B?blingen, Germany"]
[Date "2024.04.13"]
[Round "1.8"]
[White "Kaufmann, Gunther"]
[Black "Eisele, Steffen"]
[Result "0-1"]
[ECO "C19"]
[WhiteElo "1852"]
[BlackElo "2230"]
[Annotator "RC"]
[PlyCount "84"]
[EventDate "2024.04.13"]
[EventType "team-tourn"]
[SourceTitle "playchess.com"]
[Source "ChessBase"]
[SourceQuality "1"]
[TimeControl "900+5"]

1. e4 e6 2. d4 d5 3. Nc3 Bb4 4. e5 c5 5. a3 Bxc3+ 6. bxc3 Qc7 7. Nf3 b6 8. Be2 Ba6 9. O-O Bxe2 10. Qxe2 Ne7 11. Ng5 h6 12. Qh5 O-O 13. Nf3 cxd4 14. cxd4 Qxc2 15. Bd2 Nbc6 16. Rfc1 Qg6 17. Qxg6 fxg6 18. Bb4 Rfc8 19. h3 Nf5 20. Bc3 Kf7 21. g4 Nfe7 22. h4 Rc7 23. Bb4 Rcc8 24. Bd6 Na5 25. Nd2 Nec6 26. Bb4 Nxd4 27. Rxc8 Rxc8 28. Bxa5 bxa5 29. Rb1 Rc2 30. Rb7+ Ke8 31. Nf1 Nf3+ 32. Kg2 Nxe5 33. Rxg7 d4 34. Rxa7 d3 35. Rxa5 Nxg4 36. Ra4 h5 37. Rd4 Nxf2 38. Kf3 e5 39. Rd5 e4+ 40. Ke3 Re2+ 41. Kd4 d2 42. Nxd2 Rxd2+ 0-1

[Event "Wuerttemberg Rapid Teams 2024"]
[Site "B?blingen, Germany"]
[Date "2024.04.13"]
[Round "1.10"]
[White "Vujic, Branimir"]
[Black "Kaufmann, Thorsten"]
[Result "1-0"]
[ECO "A48"]
[WhiteElo "2218"]
[BlackElo "2057"]
[Annotator "RC"]
[PlyCount "143"]
[EventDate "2024.04.13"]
[EventType "team-tourn"]
[SourceTitle "playchess.com"]
[Source "ChessBase"]
[SourceQuality "1"]
[TimeControl "900+5"]

1. d4 Nf6 2. Bf4 c5 3. e3 g6 4. c3 cxd4 5. exd4 Bg7 6. Nf3 O-O 7. Nbd2 d5 8. h3 Bf5 9. Qb3 Qc8 10. Be2 Nc6 11. O-O Rd8 12. Rfe1 a6 13. a4 h6 14. Ne5 g5 15. Bg3 e6 16. a5 Ne4 17. Nxe4 Bxe4 18. Nxc6 Qxc6 19. Qa4 Rac8 20. Qxc6 Rxc6 21. Ra3 Bf8 22. Rb3 Rd7 23. Rc1 Be7 24. f3 Bg6 25. Kf2 f5 26. Be5 f4 27. Ke1 Bd8 28. Ra3 Bc7 29. Bxc7 Rdxc7 30. Rb3 Kf8 31. Kd2 Ke7 32. Rb4 Kd7 33. Bd1 Kc8 34. Ba4 Rd6 35. Re1 Kd8 36. Rb6 Rxb6 37. axb6 Re7 38. b3 Be8 39. Bxe8 Kxe8 40. c4 Kd7 41. Re5 Kd6 42. Kc3 Rf7 43. Kb4 Rf8 44. Ka5 Rc8 45. c5+ Kd7 46. b4 Rg8 47. b5 axb5 48. Kxb5 Ra8 49. h4 Rg8 50. hxg5 hxg5 51. Re1 Ra8 52. Rh1 Ra2 53. Rh7+ Kc8 54. Rc7+ Kb8 55. Rg7 Rb2+ 56. Ka5 Ra2+ 57. Kb4 Kc8 58. Rxg5 Rd2 59. Kc3 Re2 60. Rg8+ Kd7 61. Rg7+ Kc8 62. Rc7+ Kb8 63. Rf7 Kc8 64. Rxf4 Rxg2 65. Rf8+ Kd7 66. Rf7+ Kc8 67. Rc7+ Kb8 68. Re7 Kc8 69. Rxe6 Rf2 70. Rf6 Rf1 71. Rf8+ Kd7 72. Rf7+ 1-0

[Event "Wuerttemberg Rapid Teams 2024"]
[Site "B?blingen, Germany"]
[Date "2024.04.13"]
[Round "1.11"]
[White "Albrecht, Neil"]
[Black "Schuh, Karsten"]
[Result "1-0"]
[ECO "B55"]
[WhiteElo "1950"]
[BlackElo "2133"]
[Annotator "RC"]
[PlyCount "93"]
[EventDate "2024.04.13"]
[EventType "team-tourn"]
[SourceTitle "playchess.com"]
[Source "ChessBase"]
[SourceQuality "1"]
[TimeControl "900+5"]

1. e4 c5 2. Nf3 d6 3. d4 cxd4 4. Nxd4 Nf6 5. f3 e5 6. Bb5+ Nbd7 7. Nf5 Qb6 8. c4 a6 9. Ba4 g6 10. Ne3 Be7 11. Nc3 Qa5 12. Bd2 Qd8 13. Ned5 Nxd5 14. Nxd5 O-O 15. Nxe7+ Qxe7 16. O-O Nc5 17. Bc2 a5 18. b3 Bd7 19. a3 Ne6 20. Be3 f5 21. b4 fxe4 22. Bxe4 Bc6 23. Bd5 Kg7 24. Qd2 Nf4 25. g3 Nxd5 26. cxd5 Bb5 27. Bh6+ Kg8 28. Bxf8 Qxf8 29. Rf2 axb4 30. Qxb4 Ba6 31. Rc1 Qe7 32. Qb6 Re8 33. Qc7 Qf6 34. Qd7 Re7 35. Qd8+ Kg7 36. Rc8 Rf7 37. Qh8+ Kh6 38. Qxf6 Rxf6 39. Rc7 g5 40. Kg2 Kg6 41. Rb2 e4 42. fxe4 Bf1+ 43. Kg1 Bd3 44. Rf2 Bxe4 45. Rxb7 Rxf2 46. Kxf2 Bxd5 47. Rd7 1-0

[Event "Wuerttemberg Rapid Teams 2024"]
[Site "B?blingen, Germany"]
[Date "2024.04.13"]
[Round "2.2"]
[White "Vaysberg, Alexander"]
[Black "Deuer, Marius"]
[Result "0-1"]
[ECO "B15"]
[WhiteElo "2152"]
[BlackElo "2439"]
[Annotator "RC"]
[PlyCount "90"]
[EventDate "2024.04.13"]
[EventType "team-tourn"]
[SourceTitle "playchess.com"]
[Source "ChessBase"]
[SourceQuality "1"]
[TimeControl "900+5"]

1. e4 c6 2. d4 g6 3. h4 d5 4. Nc3 dxe4 5. Nxe4 Nf6 6. Nxf6+ exf6 7. Be3 Be6 8. Bd3 Nd7 9. Ne2 Bd6 10. Nc3 f5 11. Qe2 Nf6 12. O-O-O O-O 13. Bg5 Re8 14. h5 Bf8 15. Qf3 Bg7 16. hxg6 fxg6 17. Qg3 Qe7 18. Qh4 Qf7 19. f3 Rad8 20. Ne2 h5 21. g4 fxg4 22. Nf4 Bf5 23. fxg4 Bxd3 24. Rxd3 Nxg4 25. Nxg6 Qxg6 26. Bxd8 Re2 27. Qxh5 Re1+ 28. Rd1 Bh6+ 29. Qxh6 Rxd1+ 30. Kxd1 Nxh6 31. Bh4 Qh5+ 32. Kd2 Nf5 33. Rg1+ Kf7 34. Bf2 Qh2 35. Ke1 Qf4 36. Rf1 Qc1+ 37. Ke2 Qxc2+ 38. Kf3 Qd3+ 39. Kg2 Ke6 40. Re1+ Kd7 41. Re5 Qc2 42. Kf3 Nd6 43. Re2 Qf5+ 44. Kg2 Ne4 45. Be1 Qg4+ 0-1

[Event "Wuerttemberg Rapid Teams 2024"]
[Site "B?blingen, Germany"]
[Date "2024.04.13"]
[Round "2.3"]
[White "Kocharin, Timur"]
[Black "Jerie, Sven"]
[Result "1/2-1/2"]
[ECO "C77"]
[WhiteElo "2250"]
[BlackElo "2018"]
[Annotator "RC"]
[PlyCount "94"]
[EventDate "2024.04.13"]
[EventType "team-tourn"]
[SourceTitle "playchess.com"]
[Source "ChessBase"]
[SourceQuality "1"]
[TimeControl "900+5"]

1. e4 e5 2. Nf3 Nc6 3. Bb5 a6 4. Ba4 Nf6 5. d3 d6 6. c4 Bd7 7. Nc3 Be7 8. h3 O-O 9. Be3 Re8 10. O-O h6 11. Re1 Bf8 12. Qd2 Ne7 13. Bxd7 Qxd7 14. d4 Ng6 15. d5 Nh5 16. Ne2 f5 17. exf5 Qxf5 18. Rad1 Be7 19. Nh2 Qf7 20. Nf1 Rf8 21. Nfg3 Nhf4 22. f3 Nxg2 23. Rf1 Nxe3 24. Qxe3 Bg5 25. Qf2 Nh4 26. Rd3 Qg6 27. Rb3 e4 28. f4 Nf3+ 29. Rxf3 exf3 30. Qxf3 Bh4 31. Kh1 Rae8 32. f5 Qf6 33. Nh5 Qxb2 34. Nef4 Re1 35. Ng6 Qc1 36. Rxe1 Qxe1+ 37. Kh2 Re8 38. Nxh4 Qxh4 39. f6 Rf8 40. Qf5 Qg5 41. Qe6+ Kh7 42. Qd7 Rxf6 43. Nxf6+ Qxf6 44. Qxc7 Qf2+ 45. Kh1 Qf1+ 46. Kh2 Qf2+ 47. Kh1 Qf1+ 1/2-1/2

[Event "Wuerttemberg Rapid Teams 2024"]
[Site "B?blingen, Germany"]
[Date "2024.04.13"]
[Round "2.4"]
[White "Schaffert, Walter"]
[Black "Junesch, Gerhard"]
[Result "0-1"]
[ECO "B10"]
[WhiteElo "2033"]
[BlackElo "2267"]
[Annotator "RC"]
[PlyCount "30"]
[EventDate "2024.04.13"]
[EventType "team-tourn"]
[SourceTitle "playchess.com"]
[Source "ChessBase"]
[SourceQuality "1"]
[TimeControl "900+5"]

1. e4 c6 2. Be2 d5 3. e5 c5 4. c3 Nc6 5. d4 Bf5 6. f4 e6 7. Nf3 Nh6 8. O-O Bg4 9. Kh1 Nf5 10. dxc5 Bxc5 11. b4 Bb6 12. Qd3 h5 13. Ng5 Bxe2 14. Qxe2 h4 15. Na3 Qxg5 0-1

[Event "Wuerttemberg Rapid Teams 2024"]
[Site "B?blingen, Germany"]
[Date "2024.04.13"]
[Round "2.5"]
[White "Peng, Xiang-Tobias"]
[Black "Kabisch, Thilo"]
[Result "0-1"]
[ECO "B41"]
[WhiteElo "2187"]
[BlackElo "2228"]
[Annotator "RC"]
[PlyCount "100"]
[EventDate "2024.04.13"]
[EventType "team-tourn"]
[SourceTitle "playchess.com"]
[Source "ChessBase"]
[SourceQuality "1"]
[TimeControl "900+5"]

1. e4 c5 2. Nf3 Nc6 3. d4 cxd4 4. Nxd4 e6 5. Be2 a6 6. O-O Nge7 7. a4 Nxd4 8. Qxd4 Nc6 9. Qc3 Qh4 10. Bf3 Bd6 11. g3 Qf6 12. Qxf6 gxf6 13. Na3 Ne5 14. Be2 h5 15. f4 Nc6 16. Nc4 Bc5+ 17. Kg2 Rb8 18. Be3 Bxe3 19. Nxe3 Nd4 20. Bd3 b6 21. c3 Nb3 22. Rad1 Bb7 23. Nc4 Bc6 24. Kf2 Nc5 25. Bc2 Bxa4 26. Bxa4 Nxa4 27. Rd3 Ke7 28. Rfd1 Rhd8 29. e5 b5 30. exf6+ Kxf6 31. Ne5 Nxb2 32. Rxd7 Nxd1+ 33. Ke1 Kf5 34. Rxf7+ Ke4 35. Nc6 Nxc3 36. Nxb8 Rxb8 37. Rf6 Rd8 38. Kf2 Rd2+ 39. Ke1 Rd6 40. Kf2 a5 41. Rh6 Rd2+ 42. Ke1 Rxh2 43. Rxe6+ Kf3 44. Rc6 b4 45. f5 Ne4 46. Kd1 b3 47. Kc1 a4 48. f6 a3 49. Kb1 Rh1+ 50. Rc1 Nc3+ 0-1

[Event "Wuerttemberg Rapid Teams 2024"]
[Site "B?blingen, Germany"]
[Date "2024.04.13"]
[Round "2.6"]
[White "Trachtmann, Mark"]
[Black "Ramirez Marin, Ivan"]
[Result "0-1"]
[ECO "D30"]
[WhiteElo "2203"]
[BlackElo "2271"]
[Annotator "RC"]
[PlyCount "98"]
[EventDate "2024.04.13"]
[EventType "team-tourn"]
[SourceTitle "playchess.com"]
[Source "ChessBase"]
[SourceQuality "1"]
[TimeControl "900+5"]

1. d4 d5 2. Nf3 Nf6 3. c4 e6 4. g3 c5 5. Bg2 Nc6 6. O-O cxd4 7. Nxd4 Bc5 8. Nb3 Bb6 9. cxd5 exd5 10. Bg5 O-O 11. Nc3 d4 12. Ne4 Re8 13. h3 Bf5 14. Bxf6 gxf6 15. Nec5 Qe7 16. Rc1 Rac8 17. Re1 Nb4 18. Nd3 Bxd3 19. Rxc8 Rxc8 20. exd3 Qd7 21. a3 Nc6 22. Bxc6 Rxc6 23. Kh2 Qf5 24. Qd2 Kg7 25. Re4 h5 26. Nxd4 Bxd4 27. Rxd4 Rc1 28. Rc4 Rb1 29. Rf4 Qd5 30. Re4 Qf5 31. Rf4 Qd5 32. Re4 Qa2 33. Re2 Qa1 34. Kg2 Rh1 35. Kf3 Rxh3 36. Qc3 Qh1+ 37. Ke3 Qd5 38. Qc4 Qe5+ 39. Qe4 Qc5+ 40. d4 Qc1+ 41. Kf3 Qh1+ 42. Ke3 Qc1+ 43. Kf3 Rh1 44. d5 Qc5 45. Rd2 Qd6 46. Qf4 Qd7 47. d6 Re1 48. Rd5 Qc6 49. Qd4 Re5 0-1

[Event "Wuerttemberg Rapid Teams 2024"]
[Site "B?blingen, Germany"]
[Date "2024.04.13"]
[Round "2.7"]
[White "Schnepp, Gunnar"]
[Black "Krockenberger, Martin"]
[Result "1-0"]
[ECO "E48"]
[WhiteElo "2233"]
[BlackElo "2125"]
[Annotator "RC"]
[PlyCount "61"]
[EventDate "2024.04.13"]
[EventType "team-tourn"]
[SourceTitle "playchess.com"]
[Source "ChessBase"]
[SourceQuality "1"]
[TimeControl "900+5"]

1. d4 Nf6 2. c4 e6 3. Nc3 Bb4 4. e3 O-O 5. Bd3 c5 6. Nge2 d5 7. cxd5 exd5 8. O-O c4 9. Bc2 Nc6 10. f3 Re8 11. h3 h6 12. a3 Ba5 13. Qe1 b5 14. Bd2 Rb8 15. Rd1 Qe7 16. Qg3 Bc7 17. Qh4 Qd6 18. e4 dxe4 19. Bf4 Qe7 20. Bxc7 Qxc7 21. fxe4 b4 22. axb4 Nxb4 23. Bb1 Qb6 24. Kh1 Bb7 25. e5 Qc6 26. Rf2 Nd3 27. Bxd3 cxd3 28. Rxd3 Nd5 29. Rdf3 Re7 30. Nxd5 Qxd5 31. Qxe7 1-0

[Event "Wuerttemberg Rapid Teams 2024"]
[Site "B?blingen, Germany"]
[Date "2024.04.13"]
[Round "2.8"]
[White "Eisele, Steffen"]
[Black "Geshnizjani, Ramin"]
[Result "1-0"]
[ECO "B42"]
[WhiteElo "2230"]
[BlackElo "2137"]
[Annotator "RC"]
[PlyCount "68"]
[EventDate "2024.04.13"]
[EventType "team-tourn"]
[SourceTitle "playchess.com"]
[Source "ChessBase"]
[SourceQuality "1"]
[TimeControl "900+5"]

1. e4 c5 2. Nf3 e6 3. d4 cxd4 4. Nxd4 a6 5. c4 Nf6 6. Bd3 Bc5 7. Nb3 Bb4+ 8. Nc3 Qc7 9. O-O O-O 10. Be3 Bxc3 11. bxc3 d6 12. c5 dxc5 13. Bxc5 Rd8 14. Qe2 e5 15. Rfd1 Be6 16. Be3 Nfd7 17. f3 Nc6 18. Qf2 Na5 19. Nxa5 Qxa5 20. c4 Rac8 21. Rac1 Nc5 22. Bf1 Rxd1 23. Rxd1 Nd7 24. Qb2 Qa4 25. Qxb7 Qc6 26. Qxc6 Rxc6 27. Kf2 f6 28. a3 Nc5 29. Bxc5 Rxc5 30. Rd6 Bxc4 31. Bxc4+ Rxc4 32. Rxa6 Rc3 33. Ra7 h5 34. h4 Kh7 1-0

[Event "Wuerttemberg Rapid Teams 2024"]
[Site "B?blingen, Germany"]
[Date "2024.04.13"]
[Round "2.10"]
[White "Hartmann, Martin"]
[Black "Vujic, Branimir"]
[Result "0-1"]
[ECO "B02"]
[WhiteElo "2158"]
[BlackElo "2218"]
[Annotator "RC"]
[PlyCount "152"]
[EventDate "2024.04.13"]
[EventType "team-tourn"]
[SourceTitle "playchess.com"]
[Source "ChessBase"]
[SourceQuality "1"]
[TimeControl "900+5"]

1. e4 d5 2. exd5 Nf6 3. Nc3 Nxd5 4. Bc4 Nb6 5. Bb3 c5 6. d3 e6 7. Nf3 Be7 8. Bf4 O-O 9. O-O N8d7 10. Nb5 a6 11. Bc7 Qe8 12. Nd6 Bxd6 13. Bxd6 Nf6 14. Re1 Nbd5 15. Bxf8 Qxf8 16. Qd2 b6 17. d4 Bb7 18. Rad1 Nb4 19. Ne5 Rd8 20. c3 Nc6 21. Nxf7 Kxf7 22. Bxe6+ Kg6 23. Re3 h5 24. d5 Ne7 25. c4 Bc8 26. Qc2+ Kh6 27. Rde1 b5 28. b3 bxc4 29. bxc4 Bxe6 30. Rxe6 Ng6 31. Rxa6 Rd6 32. Re6 Rxa6 33. Rxa6 Qc8 34. Rc6 Qg4 35. Qd2+ Kh7 36. f3 Qxc4 37. d6 Ne5 38. Rc7 Nd3 39. Qe3 Qc2 40. h3 Qd1+ 41. Kh2 Ne1 42. Qe5 Qd2 43. Qg3 Ne8 44. Rd7 c4 45. Kh1 c3 46. Re7 c2 47. Rxe1 c1=Q 48. Rxc1 Qxc1+ 49. Kh2 Qc6 50. f4 Qxd6 51. Qf2 Nf6 52. g3 Qa3 53. Qc2+ Kh6 54. Kg2 Qe3 55. Qf2 Qd3 56. Qf3 Qd2+ 57. Qf2 Qd5+ 58. Qf3 Qxa2+ 59. Qf2 Qd5+ 60. Qf3 Qd2+ 61. Qf2 Qxf2+ 62. Kxf2 Kg6 63. Ke3 Kf5 64. Kf3 g6 65. Ke3 Ke6 66. Kf3 Nd5 67. Ke4 Nc3+ 68. Kf3 Nb5 69. Ke4 Nd6+ 70. Kf3 Kf6 71. Ke3 Nb5 72. Ke4 Ke6 73. Kf3 Kd5 74. g4 h4 75. g5 Nd4+ 76. Kg4 Nf5 0-1

[Event "Wuerttemberg Rapid Teams 2024"]
[Site "B?blingen, Germany"]
[Date "2024.04.13"]
[Round "2.11"]
[White "Schuh, Karsten"]
[Black "Freiherr von Hauff, Christopher"]
[Result "0-1"]
[ECO "A24"]
[WhiteElo "2133"]
[BlackElo "1960"]
[Annotator "RC"]
[PlyCount "70"]
[EventDate "2024.04.13"]
[EventType "team-tourn"]
[SourceTitle "playchess.com"]
[Source "ChessBase"]
[SourceQuality "1"]
[TimeControl "900+5"]

1. c4 d6 2. g3 Nf6 3. Bg2 g6 4. Nc3 Bg7 5. Nf3 e5 6. O-O O-O 7. Rb1 a5 8. a3 c6 9. d3 Nh5 10. b4 axb4 11. axb4 f5 12. Qb3 Kh8 13. b5 Be6 14. Ng5 Bg8 15. bxc6 bxc6 16. Qb7 Qa5 17. Bd2 Ra7 18. Qb3 Nd7 19. Bxc6 Nc5 20. Qc2 h6 21. Nf3 Qc7 22. Bd5 Bh7 23. Nb5 Qe7 24. Nxa7 Qxa7 25. Be3 f4 26. Bxc5 Qxc5 27. Rb5 Qc8 28. Nd2 g5 29. Rfb1 fxg3 30. fxg3 e4 31. dxe4 Bd4+ 32. Kh1 Nxg3+ 33. Kg2 Nxe2 34. Qd3 Nf4+ 35. Kh1 Nxd3 0-1

[Event "Wuerttemberg Rapid Teams 2024"]
[Site "B?blingen, Germany"]
[Date "2024.04.13"]
[Round "2.12"]
[White "Deubel, Silas"]
[Black "Schuh, Bernd-Martin"]
[Result "0-1"]
[ECO "D40"]
[WhiteElo "1851"]
[BlackElo "1976"]
[Annotator "TA"]
[PlyCount "40"]
[EventDate "2024.04.13"]
[EventType "team-tourn"]
[SourceTitle "playchess.com"]
[Source "ChessBase"]
[SourceQuality "1"]
[TimeControl "900+5"]

1. Nf3 c5 2. e3 Nc6 3. c4 Nf6 4. Nc3 e6 5. d4 d5 6. b3 (6. a3 $11 {might be stronger.}) 6... cxd4 $15 7. Nxd4 Bb4 8. Bd2 (8. Bb2 $11) 8... Nxd4 $17 {[%emt 0:00:07] Black is better.} 9. exd4 O-O (9... dxc4 $17 10. Bxc4 Qxd4) 10. c5 Bxc3 ({Black should play} 10... e5 $1 $17 {Threatens to win with ...Qa5.} 11. dxe5 Re8) 11. Bxc3 $11 Ne4 12. Qd3 (12. Rc1 $11 {remains equal.}) 12... b6 $17 13. Bb4 $2 {[%emt 0:01:49] [#]} (13. c6 $17 {might work better.}) 13... a5 (13... Qf6 $19 {has better winning chances.} 14. f3 Qh4+ 15. g3 Nxg3 16. hxg3 Qxh1) 14. Ba3 Ba6 (14... bxc5 $17 {White must now prevent ...a4.} 15. Bxc5 Qh4) 15. Qc2 $1 $15 Bxf1 16. Kxf1 (16. Rxf1 $15 Rc8 17. f3) 16... bxc5 $17 {[%emt 0:00:35][%cal Oa5a4] Black is more active.} 17. f3 Qf6 $36 {[%emt 0:00:30][%cal Oa5a4][%mdl 2048] ...a4! would now be deadly. Black is in control.} 18. Ke2 {[%emt 0:01:30] [#]} (18. Ke1 $17 Qh4+ (18... Qxd4 $2 19. Rc1 $19) 19. g3 Nxg3 20. Qf2) 18... Qg6 $1 19. fxe4 Qxg2+ 20. Ke3 $2 (20. Kd3 $19 dxe4+ (20... Qxe4+ $2 21. Kd2 $17) 21. Kc3 cxd4+ 22. Kb2 Qxc2+ 23. Kxc2) 20... Qxc2 {[%emt 0:00:05] Weighted Error Value: White=1.00/Black=0.46.  Loses game:     	White=1     	---        Missed win:     	---       	Black=1      Mistake:       	White=5     	Black=4      Inaccurate:     	White=2     	---        OK:         	White=1     	Black=6      Best:        	White=1     	Black=2      Strong:       	White=1     	---} (20... cxd4+ $142 21. Kxd4 Qxc2 22. Rhe1 Qd2+ 23. Ke5 f6+ (23... Qxh2+ {is a self mate.} 24. Kd4 Qd2+ 25. Ke5 f6+ 26. Kxe6 Rfe8+ 27. Kd7 Qc3 28. Be7 Ra7+ 29. Kd6 Rexe7 30. Kxd5 Rad7#) 24. Kxe6 Rfe8+ 25. Be7 Ra6+ (25... Qxh2 {leads to mate.} 26. exd5 Rad8 27. Kf5 Rxd5+ 28. Re5 Rd4 29. Re4 Qh3+ 30. Kf4 g5#) 26. Kd7 dxe4+ 27. Bd6 Qxd6+ 28. Kxe8 Ra8#) 0-1

[Event "Wuerttemberg Rapid Teams 2024"]
[Site "B?blingen, Germany"]
[Date "2024.04.13"]
[Round "2.13"]
[White "Gabriel, Robert"]
[Black "Zuferi, Enis"]
[Result "0-1"]
[ECO "D38"]
[WhiteElo "2161"]
[BlackElo "2406"]
[Annotator "RC"]
[PlyCount "82"]
[EventDate "2024.04.13"]
[EventType "team-tourn"]
[SourceTitle "playchess.com"]
[Source "ChessBase"]
[SourceQuality "1"]
[TimeControl "900+5"]

1. d4 Nf6 2. Nf3 d5 3. c4 e6 4. Nc3 Bb4 5. Bg5 h6 6. Bxf6 Qxf6 7. e3 O-O 8. Rc1 Rd8 9. a3 Bf8 10. Be2 dxc4 11. O-O c5 12. Bxc4 cxd4 13. exd4 Nc6 14. d5 exd5 15. Nxd5 Qxb2 16. Rc2 Qxa3 17. Rc3 Qxc3 18. Nxc3 Rxd1 19. Rxd1 Bg4 20. h3 Bxf3 21. gxf3 Rd8 22. Rxd8 Nxd8 23. Kg2 Ne6 24. Ne2 Bd6 25. h4 Kf8 26. h5 Ke7 27. Kh3 a6 28. Kg4 b5 29. Bd3 Nc5 30. Bc2 Be5 31. f4 Bf6 32. f5 a5 33. Nf4 b4 34. Nd5+ Kd6 35. Nb6 b3 36. Bd1 b2 37. Bc2 Kc6 38. Nc4 Kb5 39. Nd2 Kb4 40. Nb1 a4 41. Nd2 Kc3 0-1